 Dungeon Crawl Stone Soup version 0.19.1 (webtiles) character file.

16566 Haldmier the Archer (level 12, -14/82 HPs)
             Began as a High Elf Hunter on Nov 26, 2016.
             Was an Elder of Dithmenos.
             Killed from afar by a lindwurm (34 damage)
             ... with a blast of flame
             ... on level 2 of the Lair of Beasts.
             The game lasted 01:52:04 (17553 turns).

Haldmier the Archer (High Elf Hunter)              Turns: 17553, Time: 01:52:05

Health: -14/82     AC: 18    Str: 13    XL:     12   Next: 11%
Magic:  0/19       EV: 16    Int: 16    God:    Dithmenos [****..]
Gold:   692        SH:  0    Dex: 21    Spells: 3 memorised, 12 levels left

rFire  . . .     SeeInvis .     b - +1 short sword (venom)
rCold  . . .     Gourm    .     A - +1 ring mail of the Ward {Str+2}
rNeg   . . .     Faith    .     (no shield)
rPois  +         Spirit   +     S - +0 helmet
rElec  .         Reflect  .     L - +0 cloak
rCorr  .         Harm     .     q - +2 pair of gloves
MR     +....                    G - +1 pair of boots {Stlth+}
Stlth  ++++++....               u - amulet of guardian spirit
                                k - +4 ring of protection
                                Y - ring of poison resistance

@: lethally poisoned (-14 -> -15), wreathed by umbra, repel missiles
A: no striking features
a: Shadow Step, Renounce Religion


You were on level 2 of the Lair of Beasts.
You worshipped Dithmenos.
Dithmenos was greatly pleased with you.
You were hungry.

You visited 3 branches of the dungeon, and saw 14 of its levels.

You collected 692 gold pieces.

Inventory:

Hand Weapons
 a - a +1 shortbow
 b - a +1 short sword of venom (weapon)
 O - a +3 flail of holy wrath
Missiles
 d - 82 arrows
 y - 3 javelins (quivered)
Armour
 q - a +2 pair of gloves (worn)
 A - the +1 ring mail of the Ward (worn) {Str+2}
   (You found it on level 4 of the Dungeon)

   It affects your strength (+2).
 G - a +1 pair of boots of stealth (worn)
 L - a +0 cloak (worn)
 S - a +0 helmet (worn)
Magical Staves
 v - an uncursed staff of summoning {unknown}
Jewellery
 i - a cursed ring of loudness {unknown}
 k - a +4 ring of protection (right hand)
 u - an amulet of guardian spirit (around neck)
 z - a cursed ring of loudness {unknown}
 X - an uncursed ring of positive energy
 Y - a ring of poison resistance (left hand)
 Z - an uncursed ring of protection from magic
Wands
 c - a wand of lightning (6/15)
 x - a wand of polymorph (4/24)
Scrolls
 g - 3 scrolls of identify
 j - 2 scrolls of immolation {unknown}
 m - 7 scrolls of teleportation
 o - 2 scrolls of magic mapping {unknown}
 r - 3 scrolls of remove curse
 s - 2 scrolls of fog {unknown}
 t - 5 scrolls of blinking
 B - a scroll of fear {unknown}
 C - 2 scrolls of enchant weapon {unknown}
 F - 4 scrolls of recharging {unknown}
 T - 2 scrolls of noise {unknown}
 V - a scroll of summoning
 W - a scroll of vulnerability {unknown}
Potions
 e - 11 potions of curing
 h - 4 potions of cancellation
 l - a potion of ambrosia
 p - 3 potions of heal wounds
 w - a potion of invisibility
 E - 2 potions of haste
 I - 3 potions of lignification
 M - a potion of might
Comestibles
 f - 6 bread rations
 n - 3 chunks of flesh
 D - 4 royal jellies
 Q - 2 meat rations
 U - 29 fruits


   Skills:
 - Level 8.0 Fighting
 - Level 14.0 Bows
 + Level 4.1 Armour
 - Level 8.0 Dodging
 - Level 5.5 Stealth
 - Level 4.0 Spellcasting
 + Level 6.4 Conjurations
 - Level 2.1 Charms
 - Level 6.0 Translocations
   Level 0.0 Fire Magic
 + Level 7.1 Air Magic
 - Level 3.0 Poison Magic


You had 12 spell levels left.
You knew the following spells:

 Your Spells              Type           Power        Failure   Level  Hunger
a - Blink                 Tloc           N/A          4%          2    ##.....
b - Mephitic Cloud        Conj/Pois/Air  ###.....     12%         3    ###....
c - Repel Missiles        Chrm/Air       ###...       10%         2    ##.....


Dungeon Overview and Level Annotations

Branches:
Dungeon (11/15)            Temple (1/1) D:7            Lair (2/6) D:11
    Orc (0/2) D:10
  Swamp: Lair:2-4    Shoals: Lair:2-4     Snake: Lair:2-4    Spider: Lair:2-4

Altars:
Ashenzari
Cheibriados
Dithmenos
Elyvilon
Fedhas
Gozag
Hepliaklqana
Kikubaaqudgha
Makhleb
Nemelex Xobeh
Okawaru
Qazlal
Ru
Sif Muna
Trog
Uskayaw
Vehumet
Xom
Yredelemnul
Zin
The Shining One

Annotations:
D:8 Gastronok
D:9 Crystal room, exclusion: oklob plant


Message History

You take 1 damage, and have 21/82 hp.
Casting: Blink
Confirm with . or Enter, or press ? or * to list all spells.
You blink.
You now have 2/19 mp.
Casting: Blink
Confirm with . or Enter, or press ? or * to list all spells.
Okay, then.
Evoke which item? (* to show all) (? for menu, Esc to quit)
Zapping:
x - a wand of polymorph (will waste charges)
Press: ? - help, Shift-Dir - straight line, f/p - black mamba
Aim: a black mamba (moderately wounded, umbra, chance to defeat MR: 46%)
The black mamba evaporates and reforms as a lindwurm!
Evoking this partially-identified wand wasted a few charges.
You feel sick.
You take 1 damage, and have 21/82 hp.
You feel sick. The lindwurm breathes flames at you.
The blast of flame hits you!
You die...

#..........#(.# ...##...
#..........#.(# ........
#............(# #......
##..........((########....
#.#.........#..#.#.## ##P..
##....(.......((...P## ###.
..............(......P# ##.
Y......P...k..###.......# ##..
.#.##.##P....@##.....######...
## ## ##.....P##(##(.##.#....
##.P..(#####....#..... ##.P###
###..(....# #### #.....P.#
.......#### ...........
#........### #.........


You could see a lindwurm.

Vanquished Creatures
  2 hydras
  A hill giant (D:11)
  A cyclops (D:11)
  A spiny frog (Lair:1)
  A kobold demonologist (D:9)
  3 komodo dragons (Lair:2)
  A troll (D:10)
  A two-headed ogre (D:10)
  3 hippogriffs
  7 blink frogs (Lair:2)
  2 wyverns
  A wraith (D:10)
  11 yaks
  A hungry ghost (D:11)
  3 porcupines (Lair:1)
  12 orc warriors
  2 black bears
  5 ice beasts
  4 sky beasts
  A necrophage (D:5)
  7 ogres
  4 centaurs
  3 crocodiles (Lair:1)
  20 big kobolds
  5 bullfrogs
  A wyvern zombie (D:8)
  6 scorpions
  4 wights (D:11)
  5 killer bees
  2 electric eels
  A howler monkey (D:4)
  9 crimson imps
  2 jellies
  3 centaur zombies
  10 orc priests
  A bullfrog skeleton (D:11)
  7 hounds
  3 centaur skeletons
  An iguana (D:8)
  9 worker ants
  13 orc wizards
  2 hound skeletons
  A howler monkey zombie (D:6)
  4 gnolls (D:6)
  12 adders
  6 shadow imps
  A worker ant simulacrum (D:11)
  4 oozes
  2 adder skeletons
  5 worms
  A dart slug (D:4)
  4 leopard geckos
  63 orcs
  3 ball pythons
  4 bats
  6 giant cockroaches
  7 goblins
  9 hobgoblins
  11 jackals
  31 kobolds
  7 quokkas
  5 frilled lizards
  A jackal skeleton (D:4)
  A leopard gecko skeleton (D:8)
  A leopard gecko zombie (D:6)
  2 quokka skeletons
  7 rats
379 creatures vanquished.

Vanquished Creatures (others)
  A quokka (D:6)
  A fungus (Lair:1)
  A plant (Lair:1)
3 creatures vanquished.

Grand Total: 382 creatures vanquished

Notes
Turn   | Place    | Note
-------+----------+-------------------------------------------
     0 | D:1      | Haldmier the High Elf Hunter began the quest for the Orb.
     0 | D:1      | Reached XP level 1. HP: 14/14 MP: 2/2
   368 | D:1      | Reached XP level 2. HP: 15/19 MP: 3/3
   548 | D:1      | Reached skill level 6 in Bows
  1245 | D:2      | Reached XP level 3. HP: 24/24 MP: 4/4
  1520 | D:2      | Reached skill level 7 in Bows
  1768 | D:2      | Reached XP level 4. HP: 24/29 MP: 5/5
  1974 | D:2      | Found a basalt altar of Yredelemnul.
  1980 | D:2      | Found an iron altar of Okawaru.
  2224 | D:2      | Found a faded altar of an unknown god.
  2224 | D:2      | Found a faded altar of an unknown god.
  2239 | D:2      | Found a shimmering altar of Xom.
  2241 | D:2      | Found a faded altar of an unknown god.
  2242 | D:2      | Found a faded altar of an unknown god.
  2425 | D:3      | Reached skill level 8 in Bows
  2994 | D:3      | Reached XP level 5. HP: 33/34 MP: 6/6
  3242 | D:4      | Got a translucent ring mail
  3281 | D:4      | Identified the cursed +1 ring mail of the Ward {Str+2} (You found it on level 4 of the Dungeon)
  3312 | D:4      | Reached skill level 9 in Bows
  3372 | D:4      | You fall through a shaft!
  3372 | D:5      | Entered Level 5 of the Dungeon
  3388 | D:5      | Noticed a sky beast
  3444 | D:5      | Killed a sky beast
  3444 | D:5      | Reached XP level 6. HP: 35/39 MP: 7/7
  3725 | D:4      | Reached skill level 10 in Bows
  3746 | D:4      | Noticed a hippogriff
  3759 | D:4      | Killed a hippogriff
  3759 | D:4      | Reached XP level 7. HP: 33/45 MP: 6/8
  5032 | D:5      | Reached skill level 11 in Bows
  5032 | D:5      | Reached XP level 8. HP: 44/52 MP: 7/9
  5117 | D:5      | Found a radiant altar of Vehumet.
  6121 | D:6      | Found a white marble altar of Elyvilon.
  6154 | D:6      | Reached skill level 12 in Bows
  6206 | D:6      | Reached skill level 5 in Dodging
  6394 | D:6      | Reached skill level 5 in Stealth
  6470 | D:6      | Found a hazy altar of Hepliaklqana.
  6903 | D:7      | Reached XP level 9. HP: 50/60 MP: 8/10
  7100 | D:6      | Reached skill level 5 in Fighting
  7119 | D:6      | HP: 3/61 [poisoned by a killer bee]
  7648 | D:7      | Found a stormy altar of Qazlal.
  7800 | D:7      | Learned a level 2 spell: Blink
  7804 | D:7      | Learned a level 3 spell: Conjure Flame
  7808 | D:7      | Learned a level 3 spell: Mephitic Cloud
  7826 | D:7      | Found a staircase to the Ecumenical Temple.
  7857 | Temple   | Entered the Ecumenical Temple
  7927 | Temple   | Became a worshipper of Dithmenos the Shadowed
  8719 | D:7      | Reached skill level 1 in Spellcasting
  8719 | D:7      | Reached skill level 1 in Translocations
  8732 | D:7      | Reached skill level 1 in Conjurations
  8732 | D:7      | Reached skill level 1 in Air Magic
  8742 | D:7      | Reached skill level 13 in Bows
  9010 | D:7      | Reached skill level 1 in Poison Magic
 10206 | D:8      | Reached XP level 10. HP: 63/68 MP: 11/14
 10223 | D:8      | Noticed Gastronok
 10545 | D:9      | Found a blossoming altar of Fedhas.
 10547 | D:9      | Noticed an oklob plant
 10566 | D:9      | Found a sacrificial altar of Ru.
 10627 | D:9      | Noticed a rust devil
 10688 | D:9      | Noticed an orange demon
 10754 | D:9      | Reached * piety under Dithmenos
 11878 | D:8      | Reached ** piety under Dithmenos
 11981 | D:8      | Found a bloodstained altar of Trog.
 12179 | D:8      | Got an ominously black robe
 12610 | D:9      | Identified the cursed +1 robe "Esuecudir" {Int+5} (You found it on level 8 of the Dungeon)
 12634 | D:10     | Entered Level 10 of the Dungeon
 12682 | D:10     | Reached skill level 14 in Bows
 13063 | D:10     | Reached *** piety under Dithmenos
 13198 | D:10     | Reached XP level 11. HP: 68/74 MP: 16/18
 13484 | D:10     | Found a staircase to the Orcish Mines.
 13849 | D:10     | Reached **** piety under Dithmenos
 13902 | D:10     | Reached skill level 1 in Armour
 14498 | D:11     | Noticed a hill giant
 14512 | D:11     | Killed a hill giant
 14512 | D:11     | Reached skill level 5 in Air Magic
 14645 | D:11     | Noticed an eight-headed hydra
 15184 | D:11     | Reached skill level 5 in Conjurations
 15184 | D:11     | Reached skill level 5 in Translocations
 16097 | D:11     | Found a staircase to the Lair.
 16192 | D:11     | Killed an eight-headed hydra
 16292 | Lair:1   | Entered Level 1 of the Lair of Beasts
 16426 | Lair:1   | Learned a level 2 spell: Repel Missiles
 16757 | Lair:1   | Noticed a six-headed hydra
 16773 | Lair:1   | Killed a six-headed hydra
 16773 | Lair:1   | Reached skill level 1 in Charms
 17112 | Lair:2   | Reached XP level 12. HP: 36/82 MP: 4/19
 17553 | Lair:2   | Killed from afar by a lindwurm

Skill      XL: |  1  2  3  4  5  6  7  8  9 10 11 12 |
---------------+-------------------------------------+-----
Bows           | 6 7 8 9 10 11 12 13 14 | 14.0
Dodging        | 3 5 6 7 8 |  8.0
Stealth        | 2 3 5 |  5.5
Fighting       | 3 4 5 6 8 |  8.0
Spellcasting   | 2 4 |  4.0
Translocations | 2 3 6 |  6.0
Conjurations   | 2 4 6 |  6.4
Air Magic      | 2 4 6 7 |  7.1
Poison Magic   | 1 2 3 |  3.0
Armour         | 3 4 |  4.1
Charms         | 1 2 |  2.1

Action                   |  1- 3 |  4- 6 |  7- 9 | 10-12 || total
-------------------------+-------+-------+-------+-------++-------
Melee: Short sword       |    78 |   179 |    68 |   385 ||   710
       Spear             |       |       |   358 |       ||   358
       Shortbow          |       |       |     1 |       ||     1
       Hand axe          |       |       |       |   190 ||   190
       Flail             |       |       |       |    42 ||    42
 Fire: Shortbow          |    24 |    91 |   327 |   510 ||   952
Throw: Javelin           |       |       |     7 |     3 ||    10
 Cast: Mephitic Cloud    |       |       |       |     6 ||     6
       Blink             |       |       |       |    13 ||    13
       Repel Missiles    |       |       |       |     1 ||     1
Evoke: Wand              |       |       |       |     1 ||     1
  Use: Scroll            |       |     1 |    10 |     9 ||    20
       Potion            |       |       |       |     1 ||     1
 Stab: Sleeping          |     3 |       |     8 |     8 ||    19
       Distracted        |       |       |     1 |     2 ||     3
       Confused          |       |       |       |     5 ||     5
  Eat: Chunk             |     3 |     6 |    16 |    20 ||    45
       Bread ration      |       |       |     1 |       ||     1
       Fruit             |       |       |       |     5 ||     5
Armor: Leather armour    |    11 |    81 |       |       ||    92
       Ring mail         |       |    25 |   216 |   247 ||   488
Dodge: Dodged            |    51 |   145 |   335 |   536 ||  1067
